 Dungeon Crawl Stone Soup version 0.25-a0-356-g7c9d860b3b (webtiles) character file.

Game seed: 16597470193448786704, levelgen mode: deterministic

126 mopl the Chucker (level 4, -1/41 HPs)
             Began as a Troll Arcane Marksman on Jan 4, 2020.
             Succumbed to kobold's curare-tipped dart
             ... on level 3 of the Dungeon.
             The game lasted 00:04:13 (1513 turns).

mopl the Chucker (Troll Arcane Marksman)            Turns: 1513, Time: 00:04:13

Health: -1/41      AC:  7    Str: 18    XL:     4   Next: 84%
Magic:  4/4        EV: 10    Int: 14    God:
Gold:   244        SH:  0    Dex: 11    Spells: 4/5 levels left

rFire    + . .     SeeInvis .     - Unarmed
rCold    + . .     Gourm    +   (no shield)
rNeg     . . .     Faith    .   a - +1 robe
rPois    +         Spirit   .   (helmet restricted)
rElec    +         Reflect  .   (no cloak)
rCorr    +         Harm     .   (gloves unavailable)
MR       .....                  (boots unavailable)
Stlth    +.........             (no amulet)
HPRegen  0.53/turn              (no ring)
MPRegen  0.09/turn              q - +3 ring of slaying

@: brilliant, lethally poisoned (-1 -> -33), resistant, slowed, very slow
A: large, unfitting armour, claws 3, fast metabolism 3, gourmand, regeneration
1, shaggy fur 1, tough skin 3
a: no special abilities


You were on level 3 of the Dungeon.
You were very full.

You visited 1 branch of the dungeon, and saw 3 of its levels.

You collected 244 gold pieces.

Inventory:

Hand Weapons
 b - a +0 hunting sling
Missiles
 c - 4 large rocks
 d - 2 throwing nets
 h - 27 stones (quivered)
 p - 3 boomerangs
Armour
 a - a +1 robe (worn)
Jewellery
 q - a +3 ring of slaying (right claw)
Scrolls
 g - 2 scrolls of identify
 j - a scroll of teleportation {unknown}
 k - 3 scrolls of remove curse
 l - a scroll of fog {unknown}
 n - a scroll of noise {unknown}
 o - a scroll of magic mapping {unknown}
 s - a scroll of random uselessness
Comestibles
 f - 7 rations


   Skills:
 + Level 1.4 Fighting
 + Level 0.8(1.4) Slings
 + Level 2.3(2.5) Throwing
 + Level 1.2 Armour
 + Level 2.1 Dodging
 * Level 2.2 Unarmed Combat
 - Level 1.0 Spellcasting
 - Level 2.0 Hexes


You had 4 spell levels left.
You knew the following spells:

 Your Spells              Type           Power        Failure   Level  Hunger
a - Corona                Hex            ##.....      1%          1    ##.....

Your spell library contained the following spells:

 Spells                   Type           Power        Failure   Level  Hunger
 Slow                     Hex            ##......     2%          2    ###....
 Inner Flame              Hex/Fire       ##......     6%          3    ####...
 Portal Projectile        Hex/Tloc       ##....       6%          3    ####...
 Cause Fear               Hex            ##........   13%         4    #####..
 Leda's Liquefaction      Hex/Erth       ##........   17%         4    #####..


Dungeon Overview and Level Annotations

Branches:
Dungeon (3/15)

Altars:
Hepliaklqana


Innate Abilities, Weirdness & Mutations

You are too large for most types of armour.
You have claws for hands.
Your metabolism is lightning-fast.
You like to eat raw meat.
Your natural rate of healing is unusually fast.
You are covered in fur. (AC +1)
You have extremely tough skin. (AC +3)


Message History

You are more poisoned.
You have difficulty breathing.
You feel as though you will be slow longer.
The kobold throws a curare-tipped dart.
The curare-tipped dart barely misses you.
It was a potion of resistance.
You feel protected.
* * * LOW HITPOINT WARNING * * *
You feel very sick.
You aren't carrying any potions.
Unknown command.
As you read the scroll labeled FIOMMILALL, it crumbles to dust.
It is a scroll of identify.
s - a scroll of random uselessness
* * * LOW HITPOINT WARNING * * *
You feel very sick.
As you read the scroll labeled FIUMAGG DIEM, it crumbles to dust.
It is a scroll of enchant armour.
Your +0 robe glows green for a moment.
You die...

#.#......
#.#.....
#.#....
#.#...#
#.# #K#
#.# #.#
#.# #(#
#.# #.#
#.# #@#
#.###.#
#.....#
#######


You could see a kobold.

Vanquished Creatures
  A worker ant (D:3)
  3 adders
  An ooze (D:1)
  A worm (D:2)
  6 dart slugs
  A leopard gecko (D:2)
  An orc (D:3)
  A giant cockroach (D:3)
  7 goblins
  7 hobgoblins
  2 jackals (D:1)
  7 bats (D:1)
  4 frilled lizards
  12 kobolds
  6 rats
60 creatures vanquished.

Notes
Turn   | Place    | Note
-------+----------+-------------------------------------------
     0 | D:1      | mopl the Troll Arcane Marksman began the quest for the Orb.
     0 | D:1      | Reached XP level 1. HP: 18/18 MP: 1/1
     0 | D:1      | meem: mopl is not a tiamat player. Unwon draconians: White,
                  | Green, Purple, Red
     0 | D:1      | meem: mopl is not a tiamat player. Unwon draconians: White,
                  | Green, Purple, Red
   106 | D:1      | Reached XP level 2. HP: 26/26 MP: 2/2
   181 | D:1      | Reached skill level 1 in Fighting
   181 | D:1      | Reached skill level 1 in Unarmed Combat
   190 | D:1      | Reached skill level 2 in Throwing
   293 | D:1      | Reached XP level 3. HP: 33/33 MP: 3/3
   343 | D:1      | You fall into a shaft and drop 1 floor!
   431 | D:2      | Found a hazy altar of Hepliaklqana.
   779 | D:2      | Reached skill level 1 in Armour
   834 | D:2      | Reached skill level 2 in Dodging
   930 | D:2      | Reached XP level 4. HP: 37/41 MP: 4/4
  1293 | D:3      | Reached skill level 2 in Unarmed Combat
  1509 | D:3      | HP: 2/41 [asphyx]
  1513 | D:3      | Succumbed to kobold's curare-tipped dart

Levels and vault maps discovered:
D:1:      doesnt_arrival_eight_statues, layout_basic
D:2:      minmay_kobold_bridge, layout_basic, marbit_many_paths,
          kennysheep_generic_room_12
D:3:      layout_basic

Skill      XL: |  1  2  3  4 |
---------------+-------------+-----
Fighting       | 1 |  1.4
Unarmed Combat | 1 2 |  2.2
Throwing       | 2 |  2.3
Armour         | 1 |  1.2
Dodging        | 2 |  2.1
Slings         | |  0.8
Spellcasting   | |  1.0
Hexes          | |  2.0

Action                   |  1- 3 |  4- 6 || total
-------------------------+-------+-------++-------
Melee: Unarmed           |   121 |    39 ||   160
       Punch             |       |     1 ||     1
  Use: Scroll            |       |     3 ||     3
       Potion            |       |     3 ||     3
  Eat: Chunk             |    14 |     4 ||    18
Armor: Robe              |    48 |     8 ||    56
Dodge: Dodged            |    63 |    21 ||    84

Table legend:
 A = Non-vault XP
 B = Vault XP
 C = Vault XP percentage of total XP
 D = Non-vault monster count
 E = Vault monster count
 F = Vault count percentage of total count
                 A         B        C        D         E       F
            +---------+---------+-------+---------+---------+-------
      Total |     171 |      10 |   5.5 |      54 |       6 |  10.0
            +---------+---------+-------+---------+---------+-------
        D:1 |      48 |       0 |   0.0 |      27 |       0 |   0.0
        D:2 |      63 |      10 |  13.7 |      19 |       6 |  24.0
        D:3 |      60 |       0 |   0.0 |       8 |       0 |   0.0
            +---------+---------+-------+---------+---------+-------
